AoeStats
← 76896859

Arabian Desert

509909291Analyzed
1v1 RM · 3d ago on Sep 28, 2026· 31m 58s· 2 players
Game mode
Random Map
Map size
Tiny (2 player)
Population
200
Speed
Normal
Resources
Standard
Victory
Conquest
Starting age
Dark Age
Ending age
Imperial Age
RankedLock teamsTeams togetherTeam positionsShared explorationLock speedFull tech treeHidden civsTurbo modeCheats
Victory
Defeat
🇨🇳 Huns · China
1043
+16
🇺🇸 Vikings · United States
1052
-16
76896859
7:19 Loom
10:00 Feudal Age
10:34 Horse Collar
10:42 Double-Bit Axe
18:06 Wheelbarrow
17:42 Fletching
25:49 Castle Age
24:58 Scale Barding Armor
25:06 Bloodlines
25:44 Forging
25:58 Gold Mining
26:45 Bow Saw
26:38 Heavy Plow
27:03 Husbandry
28:29 Hand Cart
29:34 Gold Shaft Mining
29:23 Town Watch
32:15 Iron Casting
ondattaja
10:23 Feudal Age
8:38 Loom
10:57 Double-Bit Axe
19:48 Fletching
24:47 Castle Age
23:13 Man-at-Arms
24:03 Stone Mining
24:40 Gold Mining
25:04 Scale Mail Armor
25:08 Long Swordsman
28:07 Chain Mail Armor
28:57 Bodkin Arrow
Connection lost

Rejoining the realm…

Still unreachable

The connection could not be restored.

Session expired

The server has moved on; the page needs a fresh start.